 Dungeon Crawl Stone Soup version 0.29.0-11-gd7f09526c8 (webtiles) character file.

Game seed: 14722741083298554784

221 KamiKatze the Shield-Bearer (level 5, -9/33 HPs)
             Began as a Gargoyle Fighter on Sept 4, 2022.
             Killed from afar by Duvessa (11 damage)
             ... with a bolt of light
             ... on level 5 of the Dungeon.
             The game lasted 00:06:20 (1991 turns).

KamiKatze the Shield-Bearer (Gargoyle Fighter)      Turns: 1991, Time: 00:06:20

Health: -9/33      AC: 15    Str: 22    XL:     5   Next: 98%
Magic:  5/5        EV:  9    Int:  8    God:
Gold:   99         SH:  4    Dex:  9    Spells: 4/4 levels left

rFire   . . .      SeeInvis .   w - +1 whip (vamp)
rCold   . . .      Faith    .   c - +0 buckler
rNeg    + . .      Spirit   .   r - +0 scale mail
rPois   ∞          Reflect  .   (no helmet)
rElec   +          Harm     .   n - +2 cloak
rCorr   .          Rampage  .   q - +0 pair of gloves
Will    .....                   (no boots)
Stlth   ..........              (no amulet)
HPRegen 0.11/turn               (no ring)
MPRegen 0.09/turn               (no ring)

@: mighty
A: sickness immunity, AC +4, negative energy resistance 1, electricity
resistance, torment resistance 1, petrification resistance
a: no special abilities


You were on level 5 of the Dungeon.
You visited 1 branch of the dungeon, and saw 5 of its levels.

You collected 99 gold pieces.

Inventory:

Hand Weapons
 a - a +0 war axe
 b - a +0 hand axe
 t - the +6 dagger of Generosity {vorpal, rC+ Str+4 Dex+2}
   (You found it on level 6 of the Dungeon)

   It inflicts extra damage upon your enemies.
   Str:       It affects your strength (+4).
   Dex:       It affects your dexterity (+2).
   rC:        It protects you from cold.
 u - a +2 morningstar
 w - a +1 vampiric whip (weapon)
Armour
 c - a +0 buckler (worn)
 l - a +0 chain mail
 n - a +2 cloak (worn)
 q - a +0 pair of gloves (worn)
 r - a +0 scale mail (worn)
Scrolls
 e - a scroll of butterflies {unknown}
 f - a scroll of enchant weapon {unknown}
 g - a scroll of amnesia {unknown}
 h - 2 scrolls of magic mapping {unknown}
 i - a scroll of noise {unknown}
 m - 2 scrolls of fear {unknown}
 p - a scroll of brand weapon {unknown}
 s - a scroll of identify {unknown}
Potions
 d - 2 potions of might
 j - a potion of attraction {unknown}
 k - a potion of degeneration {unknown}
 o - a potion of flight {unknown}
 v - a potion of invisibility {unknown}


   Skills:
 - Level 4.0 Fighting
 * Level 4.0 Axes
 - Level 4.0 Armour
 + Level 4.4 Shields


You had 4 spell levels left.
You didn't know any spells.
Your spell library was empty.

Dungeon Overview and Level Annotations

Branches:
Dungeon (6/15)
 Temple: D:4-7

Altars:
Uskayaw

Shops:
D:3 (

Annotations:
D:2 1 runed translucent door, exclusion: door, Crazy Yiuf
D:5 Dowan, Duvessa


Innate Abilities, Weirdness & Mutations

You are immune to sickness and miasma.
Your stone body is resilient. (AC +4)
You are immune to poison.
You resist negative energy. (rN+)
You are resistant to electric shocks. (rElec)
You are resistant to unholy torment.
You are immune to petrification.


Message History

You are confused.
You are too confused!
You are too confused!
You are too confused!
Unknown command.
Unknown command.
You are too confused!
You are too confused!
You closely miss Duvessa.
Duvessa is lightly wounded.
Duvessa gestures with her weapon.
Duvessa hits you with a +0 rapier.
Unknown command.
You're too confused to move!
Duvessa zaps a wand.
The bolt of light hits you.
Unknown command.
You bump into the metal wall.
You bump into the metal wall.
You feel less confused. Duvessa hits you with a +0 rapier!
* * * LOW HITPOINT WARNING * * *
Unknown command.
You closely miss Duvessa. Duvessa hits you but does no damage.
Dowan closely misses you.
Unknown command.
You feel very mighty all of a sudden.
Dowan hits you with a +0 dagger of draining.
* * * LOW HITPOINT WARNING * * *
Duvessa misses you.
Unknown command.
You hit Duvessa.
Duvessa is lightly wounded.
Dowan closely misses you. Duvessa hits you with a +0 rapier.
* * * LOW HITPOINT WARNING * * *
Unknown command.
You closely miss Duvessa.
Duvessa is lightly wounded.
Dowan hits you but does no damage.
Duvessa says, "When magic and the sword combine, nothing stands against them."
Duvessa zaps a wand.
The bolt of light hits you!
You die...

# #.# ...# #.# ###.#
#.# .# # ### ##########
# + ##.'..#...# ##
##..##...### .#
##.#..#..##(# ###
##.#..###....# ..#
##.#...e@#..### .###
##.#..#.e###.#.# #..#
##.#..#[##..#...#
..#####.#..#.##.e###.##
##..##.#..#.#####e.#..#
#.)##.#..#)## #..###.#
###..#..#.## ###..#.#
#.....#.## #..####
###..#.## ###..#


You could see Duvessa and Dowan.

Vanquished Creatures
  A centaur (D:5)
  A wight (D:5)
  A howler monkey (D:5)
  An adder (D:2)
  A worm (D:2)
  A ball python (D:2)
  5 endoplasms
  2 giant cockroaches (D:1)
  6 goblins
  3 hobgoblins
  2 bats
  3 frilled lizards
  6 kobolds
  7 rats
40 creatures vanquished.

Vanquished Creatures (others)
  A fungus (D:2)
1 creature vanquished.

Grand Total: 41 creatures vanquished

Notes
Turn   | Place    | Note
-------+----------+-------------------------------------------
     0 | D:1      | KamiKatze the Gargoyle Fighter began the quest for the Orb.
     0 | D:1      | Reached XP level 1. HP: 14/14 MP: 1/1
   217 | D:1      | Reached XP level 2. HP: 19/19 MP: 2/2
   745 | D:2      | Reached XP level 3. HP: 21/23 MP: 3/3
  1281 | D:2      | Found a faded altar of an unknown god.
  1625 | D:2      | Found a runed translucent door.
  1626 | D:2      | Noticed Crazy Yiuf
  1663 | D:3      | Found Daku's Weapon Boutique.
  1682 | D:3      | Found a hide-covered altar of Uskayaw.
  1682 | D:3      | You fall into a shaft and drop 3 floors!
  1685 | D:6      | Identified the +6 dagger of Generosity {vorpal, rC+ Str+4
                  | Dex+2}
  1689 | D:5      | Entered Level 5 of the Dungeon
  1727 | D:5      | Reached XP level 4. HP: 29/29 MP: 4/4
  1783 | D:5      | Noticed a centaur
  1793 | D:5      | Reached XP level 5. HP: 25/33 MP: 5/5
  1808 | D:5      | Killed a centaur
  1968 | D:5      | Noticed Dowan
  1968 | D:5      | Noticed Duvessa
  1991 | D:5      | Killed from afar by Duvessa

Illustrated notes

Levels and vault maps discovered:
D:1:      pf_arrival_petrified_forest, layout_basic, amethyst_killhole
D:2:      layout_basic, shapermc_ecumenical_altar_ellora,
          uniq_crazy_yiuf_cottage
D:3:      layout_loops_ring, mainiacjoe_overflow_cross_hatched,
          mainiacjoe_overflow_tiny_flanked, serial_shops,
          nicolae_shop_hallway_plus, chequers_serial_rivers_small_3,
          minmay_puff, uniq_grinder
D:5:      minmay_razor_zed, layout_loops_cross,
          grunt_temple_overflow_growth_and_decay,
          nicolae_hepliaklqana_monster_ancestors, dk_vineyard_3, uniq_duvessa
D:6:      layout_rooms, minmay_crossroads

Skill      XL: |  1  2  3  4  5 |
---------------+----------------+-----
Axes           | 2 3 4 |  4.0
Fighting       | 4 |  4.0
Armour         | 4 |  4.0
Shields        | 4 |  4.4

Action                   |  1- 3 |  4- 6 || total
-------------------------+-------+-------++-------
Melee: War axe           |    67 |     3 ||    70
       Whip              |    58 |    22 ||    80
  Use: Potion            |       |     1 ||     1
Armor: Scale mail        |    56 |    28 ||    84
Dodge: Dodged            |    54 |    18 ||    72
Block: Buckler           |    23 |     5 ||    28
